 Dungeon Crawl Stone Soup version 0.28.0-53-g5a82cb258f (webtiles) character file.

Game seed: 17675145407442008763

10 unlimited1921 the Firebug (level 2, -8/24 HPs)
             Began as an Ogre Fire Elementalist on July 16, 2022.
             Mangled by a gnoll
             ... wielding a +0 halberd
              (9 damage)
             ... on level 2 of the Dungeon.
             The game lasted 00:02:23 (919 turns).

unlimited1921 the Firebug (Ogre Fire Elementalist)   Turns: 919, Time: 00:02:23

Health: -8/24      AC:  3    Str: 11    XL:     2   Next: 20%
Magic:  1/5        EV:  9    Int: 16    God:
Gold:   23         SH:  0    Dex:  9    Spells: 5/6 levels left

rFire   . . .      SeeInvis .   b - +0 dagger
rCold   . . .      Faith    .   (no shield)
rNeg    . . .      Spirit   .   a - +0 robe
rPois   .          Reflect  .   (helmet restricted)
rElec   .          Harm     .   (no cloak)
rCorr   .          Rampage  .   (gloves unavailable)
Will    .....                   (boots unavailable)
Stlth   +.........              (no amulet)
HPRegen 0.08/turn               (no ring)
MPRegen 0.09/turn               (no ring)

@: lethally poisoned (-8 -> -13), very slightly contaminated
A: large, unfitting armour, tough skin 1
a: no special abilities


You were on level 2 of the Dungeon.
You visited 1 branch of the dungeon, and saw 2 of its levels.

You collected 23 gold pieces.

Inventory:

Hand Weapons
 b - a +0 dagger (weapon)
Missiles
 d - 36 stones
Armour
 a - a +0 robe (worn)
 e - a +0 leather armour
Scrolls
 c - a scroll of enchant armour {unknown}


   Skills:
 + Level 1.7 Dodging
 + Level 1.4 Stealth
 + Level 2.9 Spellcasting
 + Level 0.8 Conjurations
 + Level 3.0 Fire Magic


You had 5 spell levels left.
You knew the following spells:

 Your Spells              Type           Power      Damage    Failure   Level
a - Foxfire               Conj/Fire      32%        2x1d5     9%          1

Your spell library contained the following spells:

 Spells                   Type           Power      Damage    Failure   Level
 Scorch                   Fire           24%        2d6       9%          2
 Conjure Flame            Conj/Fire      8%         6-21      26%         3
 Inner Flame              Hex/Fire       7%         N/A       30%         3
 Flame Wave               Conj/Fire      8%         2d5       63%         4


Dungeon Overview and Level Annotations

Branches:
Dungeon (1/15)

Altars:

Annotations:
D:2 Natasha


Innate Abilities, Weirdness & Mutations

You are too large for most types of armour.
You have tough skin. (AC +1)


Message History

The foxfire hits the goblin.
You kill the goblin!
The foxfire hits the goblin.
The goblin is heavily wounded.
Found a ring mail.
Found a bone wand.
Found an inky potion and 2 scrolls labelled KAALUNL ZURUO.
An adder comes into view.
The adder hisses angrily.
The adder bites you. The adder misses you. The adder bites you.
Natasha, Servant of Life and Death comes into view.
Natasha hisses angrily.
The adder bites you.
You are poisoned.
The adder poisons you!
You see here 2 scrolls labelled KAALUNL ZURUO.
Found a stone staircase leading down.
You feel sick.
You feel sick. The adder barely misses you.
You feel sick.
The gnoll hits you from afar with a +0 halberd!
* * * LOW HITPOINT WARNING * * *
Natasha barely misses you.
You feel sick. The adder bites you.
* * * LOW HITPOINT WARNING * * *
You are lethally poisoned!
The adder poisons you!
Found 8 gold pieces.
* * * LOW HITPOINT WARNING * * *
You feel sick.
Casting: Foxfire (safe; 9% risk of failure)
Confirm with . or Enter, or press ? or * to list all spells.
You miscast Foxfire.
You are very lightly contaminated with residual magic.
Nothing appears to happen.
* * * LOW HITPOINT WARNING * * *
You feel sick. The adder bites you but does no damage.
The goblin hits you but does no damage.
The gnoll hits you from afar with a +0 halberd!
You die...

........ ........ #. #$#
.#...... ##.##..
.#...... .......#### .#
..... .......... !#
..... ........>###
##..................
##........../.....# .
..##.. #........@.# #..
.....###.......Sg.# ...#
...............gh##....#
...........[........#
####.# #..........###
.....###.......?..#
#.)$..............#
#..............!..#
#.......#........##


You could see Natasha, a gnoll, an adder and a goblin.

Vanquished Creatures
  An endoplasm (D:1)
  2 goblins
  2 hobgoblins (D:1)
  2 bats (D:1)
  A frilled lizard (D:1)
  A kobold (D:1)
9 creatures vanquished.

Vanquished Creatures (others)
  36 foxfires
36 creatures vanquished.

Grand Total: 45 creatures vanquished

Notes
Turn   | Place    | Note
-------+----------+-------------------------------------------
     0 | D:1      | unlimited1921 the Ogre Fire Elementalist began the quest
                  | for the Orb.
     0 | D:1      | Reached XP level 1. HP: 16/16 MP: 3/3
   507 | D:1      | Found a faded altar of an unknown god.
   589 | D:1      | Reached skill level 3 in Fire Magic
   589 | D:1      | Reached XP level 2. HP: 24/24 MP: 1/5
   872 | D:1      | You fall into a shaft and drop 1 floor!
   913 | D:2      | Noticed Natasha
   919 | D:2      | HP: 1/24 [poisoned by an adder]
   919 | D:2      | Mangled by a gnoll

Illustrated notes

Levels and vault maps discovered:
D:1:      lightli_arrival_lavapool, layout_loops_cross,
          dilly_ecumenical_altar_fadedgnrine
D:2:      layout_rooms, uniq_natasha

Skill      XL: |  1 |
---------------+----+-----
Fire Magic     | 3 |  3.0
Dodging        | |  1.7
Stealth        | |  1.4
Spellcasting   | |  2.9
Conjurations   | |  0.8

Action                   || total
-------------------------++-------
Melee: Dagger            ||     9
 Cast: Foxfire           ||    21
Armor: Robe              ||     7
Dodge: Dodged            ||    15
